 Dungeon Crawl Stone Soup version 0.28-a0-706-gf6f64a616a (webtiles) character file.

Game seed: 1507235006951300785

58 lawman0 the Vexing (level 3, -3/20 HPs)
             Began as a Deep Elf Arcane Marksman on Oct 25, 2021.
             Slain by a goblin (4 damage)
             ... led by Robin
             ... on level 2 of the Dungeon.
             The game lasted 00:03:24 (2345 turns).

lawman0 the Vexing (Deep Elf Arcane Marksman)       Turns: 2345, Time: 00:03:24

Health: -3/20      AC:  7    Str:  5 (8)  XL:     3   Next: 75%
Magic:  7/7        EV:  9    Int: 16 (17) God:
Gold:   55         SH:  0    Dex: 12 (15) Spells: 0/5 levels left

rFire   . . .      SeeInvis .   a - +0 shortbow
rCold   . . .      Faith    .   (shield currently unavailable)
rNeg    . . .      Spirit   .   j - +2 ring mail {rPois}
rPois   +          Reflect  .   (no helmet)
rElec   .          Harm     .   h - scarf {shadows}
rCorr   .          Rampage  .   (no gloves)
Will    .....                   (no boots)
Stlth   +.........              (no amulet)
HPRegen 0.06/turn               (no ring)
MPRegen 0.10/turn               (no ring)

@: no status effects
A: no striking features
a: no special abilities


You were on level 2 of the Dungeon.
You visited 1 branch of the dungeon, and saw 2 of its levels.

You collected 55 gold pieces.

Inventory:

Hand Weapons
 a - a +0 shortbow (weapon)
 b - a +0 dagger of venom
 k - a +0 short sword
Missiles
 c - 30 arrows (quivered ammo)
Armour
 h - a scarf of shadows (worn)
 j - a +2 ring mail of poison resistance (worn)
Scrolls
 d - a scroll of enchant armour {unknown}
 e - 2 scrolls of identify {unknown}
 f - a scroll of brand weapon {unknown}
 i - a scroll of teleportation
 l - a scroll of vulnerability {unknown}
 m - a scroll of acquirement {unknown}
Potions
 g - a potion of degeneration


   Skills:
 * Level 1.4 Fighting
 + Level 4.1 Bows
 + Level 2.4 Dodging
 + Level 0.2 Stealth
 + Level 1.8 Spellcasting
 * Level 4.8 Hexes


You couldn't memorise any spells.
You knew the following spells:

 Your Spells              Type           Power      Damage    Failure   Level
a - Slow                  Hex            17%        N/A       22%         2
b - Portal Projectile     Hex/Tloc       18%        N/A       75%         3

Your spell library contained the following spells:

 Spells                   Type           Power      Damage    Failure   Level
 Summon Small Mammal      Summ           4%         N/A       71%         1
 Inner Flame              Hex/Fire       9%         N/A       75%         3
 Summon Guardian Golem    Hex/Summ       9%         N/A       75%         3
 Cause Fear               Hex            8%         N/A       80%         4
 Call Canine Familiar     Summ           1%         N/A       97%         3


Dungeon Overview and Level Annotations

Branches:
Dungeon (2/15)

Altars:

Annotations:
D:2 Robin


Message History

Unknown command.
It was a potion of degeneration.
There was something very wrong with that liquid.
You feel weakened.
You feel dopey.
You feel clumsy. The goblin hits you but does no damage.
Robin hits you with a +0 mace.
* * * LOW HITPOINT WARNING * * *
Fire: 34 arrows
Press: ? - help, Q - select action, (/) - cycle Shift-Dir - straight line, f/p - Robin
Aim: Robin, wielding a +0 mace, wearing a +1 animal skin and wearing a +0 helmet (almost dead, 67% to hit)
You shoot an arrow. The arrow completely misses Robin.
The arrow misses the goblin.
The goblin hits you but does no damage. Robin hits you but does no damage.
Unknown command.
Unknown command.
Fire: 33 arrows
Press: ? - help, Q - select action, (/) - cycle Shift-Dir - straight line, f/p - Robin
Aim: Robin, wielding a +0 mace, wearing a +1 animal skin and wearing a +0 helmet (almost dead, 67% to hit)
You shoot an arrow. The arrow closely misses Robin.
The arrow hits the goblin.
The goblin is heavily wounded.
A hobgoblin comes into view.
The goblin hits you but does no damage. Robin hits you with a +0 mace.
* * * LOW HITPOINT WARNING * * *
Unknown command.
Fire: 32 arrows
Press: ? - help, Q - select action, (/) - cycle Shift-Dir - straight line, f/p - Robin
Aim: Robin, wielding a +0 mace, wearing a +1 animal skin and wearing a +0 helmet (almost dead, 67% to hit)
You shoot an arrow.
The arrow hits Robin but does no damage.
Robin is almost dead.
The goblin closely misses you. Robin barely misses you.
The goblin hits you with a +0 dagger.
* * * LOW HITPOINT WARNING * * *
Fire: 31 arrows
Press: ? - help, Q - select action, (/) - cycle Shift-Dir - straight line, f/p - Robin
Aim: Robin, wielding a +0 mace, wearing a +1 animal skin and wearing a +0 helmet (almost dead, 67% to hit)
You shoot an arrow. The arrow barely misses Robin.
The arrow misses the goblin.
The arrow hits the hobgoblin.
You kill the hobgoblin!
Robin throws the goblin at you! The goblin hits you with a +0 dagger.
You die...

### ######################.#
.......>............†..#
######################.##########
.#.#......... ######.#.#.######.#
#g@g(((#.#.#....#.#
#g####.#.#.#.##.#.# ###### #.#
.#.#.#....#.# .....# #.#
g#.....#..#.# .....# #.#
.###.#.#..#.# .....##########.#
g# #.#.#..#.# .............##.#
g# #.#.####.# .....##......##.#
#.#......# .....##..†...##.#
#.########


You could see Robin and 2 goblins.

Vanquished Creatures
  A dart slug (D:2)
  5 endoplasms
  6 giant cockroaches
  7 goblins
  4 hobgoblins
  4 jackals (D:1)
  5 kobolds
  A quokka (D:1)
  6 ball pythons
  3 bats
  3 frilled lizards (D:1)
  7 rats
52 creatures vanquished.

Notes
Turn   | Place    | Note
-------+----------+-------------------------------------------
     0 | D:1      | lawman0 the Deep Elf Arcane Marksman began the quest for
                  | the Orb.
     0 | D:1      | Reached XP level 1. HP: 11/11 MP: 5/5
    14 | D:1      | Reached skill level 1 in Fighting
   199 | D:1      | Reached XP level 2. HP: 12/16 MP: 6/6
   281 | D:1      | Learned a level 2 spell: Slow
   907 | D:1      | Reached XP level 3. HP: 20/20 MP: 7/7
  1510 | D:2      | Learned a level 3 spell: Portal Projectile
  2325 | D:2      | Noticed Robin
  2344 | D:2      | HP: 1/20 [goblin[Robin] (2)]
  2345 | D:2      | Slain by a goblin

Illustrated notes

Levels and vault maps discovered:
D:1:      ncdulo_watergridlock, layout_basic, chequers_serial_rivers_large_b,
          minmay_pentomino_x2
D:2:      kennysheep_the_goblin_king, layout_basic, eino_tiny_chamber,
          uniq_robin

Skill      XL: |  1  2  3 |
---------------+----------+-----
Fighting       | 1 |  1.4
Bows           | 3 4 |  4.1
Dodging        | |  2.4
Stealth        | |  0.2
Spellcasting   | |  1.8
Hexes          | |  4.8

Action                   || total
-------------------------++-------
Melee: Dagger            ||     2
 Fire: Shortbow          ||   158
 Cast: Slow              ||     5
  Use: Scroll            ||     1
       Potion            ||     1
Armor: Robe              ||     4
       Ring mail         ||    11
Dodge: Dodged            ||    44

Table legend: (Time is in decaauts)
 A = Elapsed time spent in this place.
 B = Non-inter-level travel time spent in this place.
 C = Inter-level travel time spent in this place.
 D = Time resting spent in this place.
 E = Time spent auto-exploring this place.
 F = Levels seen in this place.
 G = Mean time per level.
                   A        B        C        D        E       F      G
               +--------+--------+--------+--------+--------+-----+--------+
         Total |   2391 |   2361 |     30 |    439 |   1585 |   2 | 1195.5 |
       Dungeon |   2391 |   2361 |     30 |    439 |   1585 |   2 | 1195.5 |
               +--------+--------+--------+--------+--------+-----+--------+

Top non-repeatable levels by time:
     D:1: 1534 daAuts
     D:2: 856 daAuts
